AoeStats
← El Gran Guarén

Arabian Desert

510237709Analyzed
1v1 RM · 2d ago on Sep 30, 2026· 33m 41s· 2 players
Game mode
Random Map
Map size
Tiny (2 player)
Population
200
Speed
Normal
Resources
Standard
Victory
Conquest
Starting age
Dark Age
Ending age
Imperial Age
RankedLock teamsTeams togetherTeam positionsShared explorationLock speedFull tech treeHidden civsTurbo modeCheats
Victory
Defeat
🇦🇷 Teutons · Argentina
644
+14
🇨🇱 Persians · Chile
603
-14
El Gran Guarén
15:52 Feudal Age
15:54 Man-at-Arms
16:19 Arson
26:11 Stone Mining
KokySora
6:36 Loom
10:18 Feudal Age
12:42 Double-Bit Axe
24:36 Castle Age
28:53 Fletching
33:14 Scale Mail Armor
Connection lost

Rejoining the realm…

Still unreachable

The connection could not be restored.

Session expired

The server has moved on; the page needs a fresh start.